AoeStats
← Lidrin

Arabia

510433428Analyzed
1v1 RM · 1d ago on Oct 1, 2026· 43m 14s· 2 players
Game mode
Random Map
Map size
Tiny (2 player)
Population
200
Speed
Normal
Resources
Standard
Victory
Conquest
Starting age
Dark Age
Ending age
Imperial Age
RankedLock teamsTeams togetherTeam positionsShared explorationLock speedFull tech treeHidden civsTurbo modeCheats
Victory
Defeat
🇦🇷 Persians · Argentina
925
+15
🇦🇷 Magyars · Argentina
912
-15
Lidrin
6:55 Loom
9:37 Feudal Age
11:02 Double-Bit Axe
16:41 Gold Mining
19:14 Castle Age
20:25 Scale Barding Armor
20:32 Bloodlines
21:18 Horse Collar
21:33 Fletching
22:01 Padded Archer Armor
22:46 Crossbowman
24:35 Leather Archer Armor
26:01 Bow Saw
29:42 Wheelbarrow
30:53 Corvinian Army
32:17 Gold Shaft Mining
32:23 Chain Barding Armor
37:26 Imperial Age
35:28 Stone Mining
Adr1CKs
6:18 Loom
9:01 Feudal Age
9:25 Double-Bit Axe
16:00 Wheelbarrow
20:09 Castle Age
19:10 Bloodlines
18:52 Horse Collar
19:31 Gold Mining
20:56 Bow Saw
22:41 Scale Barding Armor
25:27 Chain Barding Armor
25:19 Heavy Plow
25:28 Town Watch
26:31 Forging
29:09 Husbandry
30:09 Hand Cart
30:55 Iron Casting
31:07 Stone Mining
32:58 Stone Shaft Mining
32:58 Gold Shaft Mining
36:00 Imperial Age
34:10 Town Patrol
34:57 Fletching
35:35 Bodkin Arrow
36:19 Ballistics
36:01 Murder Holes
37:31 Blast Furnace
37:07 Plate Barding Armor
35:55 Cavalier
37:43 Conscription
38:49 Chemistry
37:22 Savar
39:43 Two-Man Saw
39:14 Masonry
41:46 Architecture
Connection lost

Rejoining the realm…

Still unreachable

The connection could not be restored.

Session expired

The server has moved on; the page needs a fresh start.